 Dungeon Crawl Stone Soup version 0.21-a0-84-g85d6d27 (webtiles) character file.

110 Lianjan the Charlatan (level 5, -1/28 HPs)
             Began as a Halfling Artificer on June 25, 2017.
             Was a Follower of Hepliaklqana.
             Killed themself with a badly aimed fireball (11 damage)
             ... on level 3 of the Dungeon.
             The game lasted 00:08:56 (2420 turns).

Lianjan the Charlatan (Halfling Artificer)          Turns: 2420, Time: 00:08:57

Health: -1/28      AC:  5    Str: 13    XL:     5   Next: 14%
Magic:  8/8        EV: 14    Int: 10    God:    Hepliaklqana [*.....]
Gold:   62         SH:  0    Dex: 15    Spells: 4/4 levels left

rFire    . . .     SeeInvis .   a - +0 short sword
rCold    . . .     Gourm    .   (shield restricted)
rNeg     . . .     Faith    .   b - +0 leather armour
rPois    .         Spirit   .   (no helmet)
rElec    .         Reflect  .   (no cloak)
rCorr    .         Harm     .   p - +0 pair of gloves
MR       .....                  h - +0 pair of boots
Stlth    ++........             (no amulet)
HPRegen  0.09/turn              (no ring)
MPRegen  0.11/turn              (no ring)

@: no status effects
A: reduced essence, mutation resistance 1
a: Recall Ancestor, Ancestor Identity, Renounce Religion


You were on level 3 of the Dungeon.
You worshipped Hepliaklqana.
Hepliaklqana was aware of your devotion.
You were not hungry.

You visited 1 branch of the dungeon, and saw 3 of its levels.

You collected 62 gold pieces.

Inventory:

Hand Weapons
 a - a +0 short sword (weapon)
 g - a +0 hunting sling
Missiles
 k - 82 stones (quivered)
Armour
 b - a +0 leather armour (worn)
 h - a +0 pair of boots (worn)
 p - a +0 pair of gloves (worn)
Jewellery
 o - a cursed ring of teleportation {unknown}
Wands
 c - a wand of flame (5/48)
 d - a wand of enslavement (15/24)
 e - a wand of random effects (15/48)
Scrolls
 i - 2 scrolls of immolation {unknown}
 j - 2 scrolls of identify {unknown}
 l - 4 scrolls of enchant weapon {unknown}
 x - a scroll of noise {unknown}
Potions
 n - a potion of curing {unknown}
 q - a potion of mutation {unknown}
 r - 3 potions of degeneration {unknown}
 s - a potion of cancellation {unknown}
 u - a potion of brilliance {unknown}
 v - 2 potions of heal wounds {unknown}
 w - a potion of invisibility {unknown}
Comestibles
 f - 3 bread rations
 t - 2 meat rations


   Skills:
 - Level 0.8 Fighting
 + Level 4.1 Short Blades
 - Level 2.1 Dodging
 - Level 1.1 Stealth
 + Level 4.2 Evocations


You had 4 spell levels left.
You didn't know any spells.

Dungeon Overview and Level Annotations

Branches:
Dungeon (3/15)

Altars:
Hepliaklqana
Kikubaaqudgha
Okawaru
Vehumet


Innate Abilities, Weirdness & Mutations

You are small and have problems with some larger weapons.
You are somewhat resistant to further mutation.
Your life essence is reduced to manifest your ancestor. (-10% HP)


Message History

Terence hits Peladonanapraia but does no damage.
Peladonanapraia hits Terence.
You hit Terence but do no damage.
Terence is heavily wounded.
Peladonanapraia barely misses Terence.
Terence misses you.
Terence hits Peladonanapraia with a hand axe.
Peladonanapraia hits Terence but does no damage.
Peladonanapraia closely misses Terence.
Terence looks scornfully at you.
Evoke which item? (* to show all) (? for menu, Esc to quit)
Aiming: Random Effects
Press: ? - help, Shift-Dir - straight line, f - Terence
Aim: Terence, wielding a hand axe and wearing a chain mail (heavily wounded)
The fireball explodes!
The fireball engulfs Terence.
You kill Terence!
Your Short Blades skill increases to level 4!
You have reached level 5!
You feel agile. The fireball engulfs you!
You die...

#################
#....R..........#
#.#############.#
######R##### #.#
#........R.# #.#
#.#.######.# #.#
# #.# #.# #)# #.#
#@# #.#
#<########
#.........
##########


You could see the friendly Peladonanapraia the ancestor.

Vanquished Creatures
  Terence (D:3)
  3 adders (D:2)
  2 worms (D:2)
  2 dart slugs
  6 giant cockroaches
  A goblin (D:1)
  5 hobgoblins (D:2)
  4 jackals (D:2)
  A kobold (D:1)
  A ball python (D:1)
  5 bats
  4 frilled lizards
  5 rats
40 creatures vanquished.

Vanquished Creatures (collateral kills)
  A worm (D:2)
  A goblin (D:2)
  A kobold (D:2)
  2 bats (D:2)
  A frilled lizard (D:2)
6 creatures vanquished.

Vanquished Creatures (others)
  An ancestor (D:2)
1 creature vanquished.

Grand Total: 47 creatures vanquished

Notes
Turn   | Place    | Note
-------+----------+-------------------------------------------
     0 | D:1      | Lianjan the Halfling Artificer began the quest for the Orb.
     0 | D:1      | Reached XP level 1. HP: 12/12 MP: 3/3
   320 | D:1      | Reached XP level 2. HP: 18/18 MP: 4/4
   854 | D:2      | Reached XP level 3. HP: 10/22 MP: 5/5
  1049 | D:2      | Found an iron altar of Okawaru.
  1054 | D:2      | Found a faded altar of an unknown god.
  1207 | D:2      | Became a worshipper of Hepliaklqana the Forgotten
  1207 | D:2      | Reached * piety under Hepliaklqana
  1438 | D:2      | Reached XP level 4. HP: 13/24 MP: 6/6
  1944 | D:2      | Found an ancient bone altar of Kikubaaqudgha.
  1945 | D:2      | Found a radiant altar of Vehumet.
  2378 | D:3      | Noticed Terence
  2420 | D:3      | Killed Terence
  2420 | D:3      | Reached XP level 5. HP: 10/28 MP: 8/8
  2420 | D:3      | Killed themself with a badly aimed fireball

Vault maps used:
D:1:      sevenhm_arrival_forest_fort_small_3
D:2:      gammafunk_temple_overflow_pools, lemuel_crystal_altar,
          chequers_ecumenical_altar_simple_redux
D:3:      minmay_roachtagon, kennysheep_generic_room_14, uniq_terence

Skill      XL: |  1  2  3  4 |
---------------+-------------+-----
Short Blades   | 2 3 4 |  4.1
Evocations     | 4 |  4.2
Fighting       | |  0.8
Dodging        | |  2.1
Stealth        | |  1.1

Action                   |  1- 3 |  4- 6 || total
-------------------------+-------+-------++-------
Melee: Short sword       |   117 |    69 ||   186
Throw: Stone             |       |     1 ||     1
Invok: Ancestor Identity |     1 |       ||     1
Evoke: Wand              |     6 |     4 ||    10
 Stab: Sleeping          |     2 |       ||     2
  Eat: Chunk             |     2 |     1 ||     3
       Royal jelly       |       |     1 ||     1
Armor: Leather armour    |    35 |    24 ||    59
Dodge: Dodged            |   112 |    39 ||   151
